 Dungeon Crawl Stone Soup version 0.29.0-4-gdea44cf6ec (webtiles) character file.

Game seed: 14299636890472795083

179 qw the Chopper (level 5, 0/30 HPs)
             Began as a Tengu Warper on Aug 29, 2022.
             Was an Initiate of Okawaru.
             Slain by an orc priest
             ... wielding a +0 hand axe
              (5 damage)
             ... on level 4 of the Dungeon.
             The game lasted 00:01:19 (3984 turns).

qw the Chopper (Tengu Warper)                       Turns: 3984, Time: 00:01:19

Health: 0/30       AC: 13    Str: 13    XL:     5   Next: 59%
Magic:  9/9        EV:  5    Int: 13    God:    Okawaru [......]
Gold:   158        SH:  0    Dex: 14    Spells: 8/8 levels left

rFire   . . .      SeeInvis .   Y - +1 hand axe
rCold   . . .      Faith    .   (no shield)
rNeg    . . .      Spirit   .   m - +0 plate armour
rPois   .          Reflect  .   (helmet restricted)
rElec   .          Harm     .   g - +0 cloak
rCorr   .          Rampage  .   l - +0 pair of gloves
Will    .....                   (boots unavailable)
Stlth   ..........              (no amulet)
HPRegen 0.10/turn               (no ring)
MPRegen 0.11/turn               (no ring)

@: flying quickly and evasively, quick
A: beak, talons 3, nimble flight
a: Renounce Religion


You were on level 4 of the Dungeon.
You worshipped Okawaru.
Okawaru was noncommittal.
You visited 2 branches of the dungeon, and saw 5 of its levels.

You collected 158 gold pieces.


Innate Abilities, Weirdness & Mutations

You have a beak for a mouth.
You have claws for feet.
Your magical nature lets you fly swiftly and evasively.


   Skills:
 - Level 2.0 Fighting
 + Level 5.4 Axes
 - Level 1.0 Throwing
 - Level 2.9 Armour
 - Level 2.1 Dodging
 - Level 2.0 Spellcasting
 - Level 2.4 Translocations


You had 8 spell levels left.
You didn't know any spells.
Your spell library contained the following spells:

 Spells                   Type           Power      Damage    Failure   Level
 Blink                    Tloc           14%        N/A       100%        2
 Gell's Gravitas          Tloc           7%         N/A       100%        3
 Lesser Beckoning         Tloc           7%         N/A       100%        3
 Teleport Other           Tloc           7%         N/A       100%        3
 Manifold Assault         Tloc           7%         N/A       100%        5

Inventory:

Hand Weapons
 h - a +0 flail
 Y - a +1 hand axe (weapon)
Armour
 g - a +0 cloak (worn)
 l - a +0 pair of gloves (worn)
 m - a +0 plate armour (worn)
Scrolls
 a - 3 scrolls of identify
 b - a scroll of teleportation {unknown}
 c - a scroll of summoning {unknown}
Potions
 d - a potion of lignification {unknown}
 e - a potion of haste {unknown}
 f - a potion of mutation {unknown}
 j - a potion of might

Dungeon Overview and Level Annotations

Branches:
Dungeon (4/15)             Temple (1/1) D:4

Altars:
Ashenzari
Cheibriados
Elyvilon
Fedhas
Gozag
Kikubaaqudgha
Makhleb
Nemelex Xobeh
Okawaru
Qazlal
Ru
Sif Muna
Trog
Uskayaw
Vehumet
Wu Jian
Xom
The Shining One

Annotations:
D:3 3 runed translucent doors, qw's ghost, amateur TeWr


Message History

The orc priest calls upon Beogh to heal the orc.
The orc's wounds heal themselves!
You hit the orc.
The orc is heavily wounded.
You hit the orc. The orc hits you with a +0 flail. The orc barely misses you.
You barely miss the orc. You peck the orc, but do no damage.
The orc is severely wounded.
You closely miss the orc. You barely miss the orc priest.
The orc hits you with a +0 flail. The orc hits you but does no damage.
The orc priest hits you with a +0 hand axe.
You hit the orc but do no damage. You peck the orc.
The orc is almost dead.
You barely miss the orc. You barely miss the orc priest.
The orc priest calls upon Beogh to heal the orc.
The orc's wounds heal themselves!
The orc hits you but does no damage. The orc barely misses you.
You hit the orc.
You kill the orc!
Okawaru accepts your kill.
You closely miss the orc priest. You hit the orc but do no damage.
The orc priest hits you with a +0 hand axe.
The orc hits you but does no damage.
You barely miss the orc priest. You claw the orc priest.
You peck the orc priest, but do no damage.
The orc priest is heavily wounded.
You hit the orc.
The orc priest mumbles some strange prayers to Beogh against you.
Beogh smites you! The orc hits you but does no damage.
You hit the orc.
The orc is almost dead.
You hit the orc priest. The orc hits you but does no damage.
The orc priest hits you but does no damage.
You barely miss the orc. Your kick misses the orc.
The orc is almost dead.
You closely miss the orc priest. The orc hits you but does no damage.
The orc priest hits you with a +0 hand axe.
You die...

######### .
#.......# ...
#.......#
....#######.......#
..>...)...........#
...##o@###.......#
##o..........#
#..##.......#
#..##...)...#
#........#######
...............#
#......!........#
#...####........###
##.. ..............


You could see an orc priest and an orc.

Vanquished Creatures
  A jelly (D:3)
  3 gnolls (D:4)
  5 adders
  An ufetubus (D:4)
  A dart slug (D:1)
  6 orcs
  6 bats
  6 endoplasms
  A giant cockroach (D:1)
  4 goblins
  A hobgoblin (D:1)
  4 jackals (D:3)
  9 kobolds
  3 quokkas
  4 ball pythons
  4 frilled lizards
  5 rats
64 creatures vanquished.

Notes
Turn   | Place    | Note
-------+----------+-------------------------------------------
     0 | D:1      | qw the Tengu Warper began the quest for the Orb.
     0 | D:1      | Reached XP level 1. HP: 12/12 MP: 4/4
     0 | D:1      | 0 ||| qw: Version: 0.1-a-89-g26bdef1
     0 | D:1      | 0 ||| qw: Game counter: 3629
     0 | D:1      | 0 ||| qw: Always use a shield: true
     0 | D:1      | 0 ||| qw: God list: Okawaru
     0 | D:1      | 0 ||| qw: Allow faded altars: false
     0 | D:1      | 0 ||| qw: Do Orc after D:15 true
     0 | D:1      | 0 ||| qw: Do second Lair branch before Depths: true
     0 | D:1      | 0 ||| qw: Lair rune preference: random
     0 | D:1      | 0 ||| qw: Plans: Normal
     0 | D:1      | 0 ||| PLANNING D:1-11
   255 | D:1      | 255 ||| Stepping ~*~*~tactically~*~*~ (hiding).
   256 | D:1      | 256 ||| Stepping ~*~*~tactically~*~*~ (hiding).
   257 | D:1      | 257 ||| Stepping ~*~*~tactically~*~*~ (hiding).
   265 | D:1      | Reached skill level 3 in Axes
   265 | D:1      | Reached XP level 2. HP: 9/17 MP: 6/6
   454 | D:1      | Found a faded altar of an unknown god.
   998 | D:1      | Reached XP level 3. HP: 20/21 MP: 7/7
  1198 | D:1      | 1198 ||| UPGRADING to +0 cloak.
  1203 | D:1      | 1203 ||| UPGRADING to +0 pair of gloves.
  1208 | D:1      | 1208 ||| UPGRADING to +0 plate armour.
  1218 | D:1      | 1218 ||| DROPPING +0 leather armour.
  1219 | D:1      | 1219 ||| DROPPING ring of flight.
  1220 | D:1      | 1220 ||| READING 2 scrolls labelled LAASIG MATASYM.
  1221 | D:1      | 1221 ||| READING scroll labelled ERISCH NUYMMYI.
  1222 | D:1      | 1222 ||| READING scroll labelled BUIFUX PERGH.
  1223 | D:1      | 1223 ||| DRINKING 3 smoky cyan potions.
  1224 | D:1      | 1224 ||| DROPPING scroll of blinking.
  1225 | D:1      | 1225 ||| DROPPING 2 potions of brilliance.
  1569 | D:2      | Reached skill level 4 in Axes
  1576 | D:2      | Found a snail-covered altar of Cheibriados.
  1963 | D:2      | 1963 ||| READING scroll labelled ZUTONI EGIA.
  1964 | D:2      | 1964 ||| DRINKING 2 orange potions.
  2065 | D:2      | 2065 ||| DROPPING potion of ambrosia.
  2117 | D:3      | HP: 5/21 [adder (1)]
  2413 | D:3      | Reached XP level 4. HP: 17/26 MP: 8/8
  2465 | D:3      | 2465 ||| FLEEEEING.
  2538 | D:3      | 2538 ||| Stepping ~*~*~tactically~*~*~ (stealth).
  2807 | D:3      | Found a runed translucent gate.
  2829 | D:3      | Gained mutation: Your magical nature lets you fly swiftly
                  | and evasively. [Tengu growth]
  2829 | D:3      | Reached XP level 5. HP: 20/30 MP: 9/9
  2952 | D:3      | Noticed a kobold brigand
  2953 | D:3      | Noticed qw's ghost (amateur TeWr)
  2954 | D:3      | Found a runed translucent gate.
  2955 | D:3      | Found a runed translucent gate.
  3101 | D:3      | 3101 ||| DROPPING +1 whip of venom.
  3211 | D:3      | 3211 ||| Stepping ~*~*~tactically~*~*~ (hiding).
  3372 | D:3      | 3372 ||| READING scroll labelled JANAFO ZINEATO.
  3373 | D:3      | 3373 ||| DRINKING 2 fuming dark potions.
  3374 | D:3      | 3374 ||| READING 2 scrolls of identify.
  3374 | D:3      | 3374 ||| IDENTIFYING lumpy grey potion
  3375 | D:3      | 3375 ||| DROPPING potion of magic.
  3385 | D:4      | 3385 ||| PLANNING SEWER
  3394 | D:4      | Reached skill level 5 in Axes
  3595 | D:4      | Found a staircase to the Ecumenical Temple.
  3596 | D:4      | 3596 ||| PLANNING TEMPLE
  3639 | Temple   | Entered the Ecumenical Temple
  3708 | Temple   | Became a worshipper of Warmaster Okawaru
  3758 | Temple   | 3758 ||| PLANNING SEWER
  3974 | D:4      | 3974 ||| Stepping ~*~*~tactically~*~*~ (hiding).
  3982 | D:4      | HP: 5/30 [orc priest/divine providence (10)]
  3984 | D:4      | Slain by an orc priest

Levels and vault maps discovered:
D:1:      dpeg_arrival_water_temple_mockup, layout_basic,
          chequers_ecumenical_altar_simple_redux, nrook_loot_triangle
D:2:      layout_loops_ring, basic_altar
D:3:      layout_basic, gammafunk_ghost_nasty_kobolds, serial_aquarium,
          aquarium_bridge_island_small [aquarium_subvault_small_open,
          aquarium_subvault_window, aquarium_subvault_bridge,
          aquarium_subvault_wall, aquarium_subvault_bridge],
          aquarium_bridge_long_separate [aquarium_subvault_balcony,
          aquarium_subvault_bridge, aquarium_subvault_window,
          aquarium_subvault_wall, aquarium_subvault_bridge,
          aquarium_subvault_wall], aquarium_window_corner, aquarium_window_1,
          aquarium_view_2c, aquarium_balcony_3b, aquarium_pool_2
D:4:      layout_basic, temple_pool_b, gup_sewer_entry_bubbles,
          minmay_misc_feat_four_crosses
Temple:   mainiacjoe_temple_coin_purse

Skill      XL: |  1  2  3  4  5 |
---------------+----------------+-----
Axes           | 3 4 5 |  5.4
Armour         | 2 |  2.9
Fighting       | |  2.0
Throwing       | |  1.0
Dodging        | |  2.1
Spellcasting   | |  2.0
Translocations | |  2.4

Action                   |  1- 3 |  4- 6 || total
-------------------------+-------+-------++-------
Melee: Hand axe          |    78 |    85 ||   163
       Kick              |    13 |    21 ||    34
       Peck              |     9 |    13 ||    22
Throw: Boomerang         |     7 |       ||     7
  Use: Scroll            |     4 |     2 ||     6
       Potion            |     2 |     1 ||     3
Armor: Leather armour    |    12 |       ||    12
       Plate armour      |    18 |    82 ||   100
Dodge: Dodged            |    28 |    22 ||    50

Table legend:
 A = Non-vault XP
 B = Vault XP
 C = Vault XP percentage of total XP
 D = Non-vault monster count
 E = Vault monster count
 F = Vault count percentage of total count
                 A         B        C        D         E       F
            +---------+---------+-------+---------+---------+-------
      Total |     256 |       0 |   0.0 |      64 |       0 |   0.0
            +---------+---------+-------+---------+---------+-------
        D:1 |      38 |       0 |   0.0 |      23 |       0 |   0.0
        D:2 |      10 |       0 |   0.0 |       7 |       0 |   0.0
        D:3 |     137 |       0 |   0.0 |      26 |       0 |   0.0
        D:4 |      71 |       0 |   0.0 |       8 |       0 |   0.0
            +---------+---------+-------+---------+---------+-------
